 Dungeon Crawl Stone Soup version 0.30.0-29-ga12c61a403 (webtiles) character file.

Game seed: 3061697853109168006

2 ChadusMaximus the Caller (level 1, 0/13 HPs)
             Began as a Barachi Summoner on June 24, 2023.
             Slain by an endoplasm (2 damage)
             ... on level 1 of the Dungeon.
             The game lasted 00:00:13 (89 turns).

ChadusMaximus the Caller (Barachi Summoner)           Turns: 89, Time: 00:00:13

Health: 0/13       AC:  2    Str:  9    XL:     1   Next: 30%
Magic:  2/3        EV: 12    Int: 15    God:
Gold:   18         SH:  0    Dex: 12    Spells: 3/4 levels left

rFire   . . .        c - staff of poison
rCold   . . .        (no shield)
rNeg    . . .        a - +0 robe
rPois   +            (no helmet)
rElec   .            (no cloak)
rCorr   .            (no gloves)
SInv    .            (no boots)
Will    .....        (no amulet)
Stlth   ++           (no ring)
HPRegen 0.22/turn    (no ring)
MPRegen 0.08/turn

%: no passive effects
@: slow
A: amphibious, slowness 1, strong legs 1, +LOS
a: Hop


You were on level 1 of the Dungeon.
You visited 1 branch of the dungeon, and saw 1 of its levels.

You collected 18 gold pieces.

Inventory:

Armour
 a - a +0 robe (worn)
Magical Staves
 c - a staff of poison (weapon)
Potions
 b - a potion of magic


   Skills:
 + Level 2.2 Dodging
 + Level 1.8 Stealth
 + Level 2.2 Spellcasting
 + Level 4.8 Summonings


You had 3 spell levels left.
You knew the following spells:

 Your Spells              Type           Power      Damage    Failure   Level
a - Summon Small Mammal   Summ           64%        N/A       3%          1

Your spell library contained the following spells:

 Spells                   Type           Power      Damage    Failure   Level
 Call Imp                 Summ           32%        N/A       4%          2
 Call Canine Familiar     Summ           16%        N/A       9%          3
 Summon Guardian Golem    Hex/Summ       8%         N/A       24%         3
 Summon Lightning Spire   Summ/Air       8%         N/A       63%         4


Dungeon Overview and Level Annotations

Branches:
Dungeon (1/15)

Altars:


Innate Abilities, Weirdness & Mutations

You are amphibious.
You cover ground slowly.
You can hop short distances.
You have an extended range of vision and can be seen from far away.


Message History

You hit the frilled lizard.
You kill the frilled lizard!
The frilled lizard bites you.
You barely miss the frilled lizard. The frilled lizard misses you.
The frilled lizard closely misses you.
Unknown command.
You completely miss the frilled lizard.
The frilled lizard bites you but does no damage.
The frilled lizard bites you.
You hit the frilled lizard.
The frilled lizard is heavily wounded.
The frilled lizard closely misses you. The frilled lizard misses you.
The frilled lizard completely misses you.
The frilled lizard closely misses you.
Unknown command.
You swap places.
Your quokka misses the frilled lizard.
The frilled lizard barely misses your quokka.
The frilled lizard closely misses your quokka.
Your quokka barely misses the frilled lizard.
Your quokka bites the frilled lizard.
The frilled lizard dies!
The frilled lizard misses your quokka.
Your quokka closely misses the frilled lizard.
The frilled lizard misses your quokka. The frilled lizard bites your quokka.
Your quokka closely misses the frilled lizard.
The frilled lizard bites your quokka. x2
Your quokka dies!
Your quokka's corpse disappears in a puff of smoke!
The endoplasm hits you.
The frilled lizard bites your quokka but does no damage. x2
Your quokka barely misses the frilled lizard.
The endoplasm jiggles.
The endoplasm freezes you.
You are frozen.
* * * LOW HITPOINT WARNING * * *
Your quokka misses the frilled lizard.
The frilled lizard completely misses your quokka.
The frilled lizard bites your quokka but does no damage.
The endoplasm hits you.
You die...

.#.#####...##......
...###.....##..... #
##........##..... #.
##.........##...# ##..
####.....<...###..# .....
..##...♣.....##..# .~~~~.
.##.........##..#
~~~~~..###J##........##>.#
~~~~~~.lr.@##.....###....#
~~~~~~.l#..##...#####.####
.~~~~..##....#####....###
......# #.##.###........#
##.#.# #.#..# #.######.# #
#.####.#.####.#......#
#...........[.......####
####......###...........
........#.# ###.###.####


You could see an endoplasm, 2 frilled lizards and a friendly quokka (summoned).

Vanquished Creatures
  A ball python (D:1)
  A frilled lizard (D:1)
2 creatures vanquished.

Vanquished Creatures (collateral kills)
  A frilled lizard (D:1)
1 creature vanquished.

Grand Total: 3 creatures vanquished

Notes
Turn   | Place    | Note
-------+----------+-------------------------------------------
     0 | D:1      | ChadusMaximus the Barachi Summoner began the quest for the
                  | Orb.
     0 | D:1      | Reached XP level 1. HP: 13/13 MP: 3/3
    89 | D:1      | Slain by an endoplasm

Illustrated notes

Levels and vault maps discovered:
D:1:      spicycebolla_green_bress_n_ham, layout_basic, serial_forest,
          infiniplex_forest_straight_2, infiniplex_forest_end_1,
          infiniplex_forest_corner_1, infiniplex_forest_clump_C,
          infiniplex_forest_side_room, infiniplex_forest_clump_medium,
          grunt_decor_clamped, fountainhead, chequers_serial_rivers_room_a,
          palyth_stone_intersect, minmay_lizard_pond

Action                     || total
---------------------------++-------
  Melee: Staff             ||     4
         Unarmed           ||     1
   Cast: Summon Small Mamm ||     4
 Armour: Robe              ||     1
  Dodge: Dodged            ||    12
